 Dungeon Crawl Stone Soup version 0.29.1-12-g30fa7ad0bf (webtiles) character file.

Game seed: 10020852106880882444

94378 rakiston the Slayer (level 15, -1/167 HPs)
             Began as a Minotaur Berserker on Jan 17, 2023.
             Was a High Priest of Trog.
             Shot with a bolt by Vashnia (25 damage)
             ... on level 2 of the Snake Pit on Jan 18, 2023.
             The game lasted 01:53:43 (22035 turns).

rakiston the Slayer (Minotaur Berserker)           Turns: 22035, Time: 01:53:46

Health: -1/167     AC: 23    Str: 29    XL:     15   Next: 63%
Magic:  14/14      EV: 13    Int:  2    God:    Trog [*****.]
Gold:   1625       SH:  0    Dex: 10    Spells: 14/14 levels left

rFire   . . .      SeeInvis .   S - +4 battleaxe (flame)
rCold   . . .      Faith    .   (shield currently unavailable)
rNeg    . . .      Spirit   .   y - +2 plate armour {rPois}
rPois   +          Reflect  .   (helmet restricted)
rElec   .          Harm     .   G - +1 cloak {Will+}
rCorr   .          Rampage  .   (no gloves)
Will    +++..      Clarity  +   g - +0 pair of boots
Stlth   ..........              r - amulet of regeneration
HPRegen 1.17/turn               J - +4 ring of evasion
MPRegen 0.14/turn               I - ring of willpower

@: confused, lethally poisoned (-1 -> -2), about to teleport, ambrosia-drunk, on
berserk cooldown, slowed, very slow
A: horns 2, retaliatory headbutt, clarity, dopey 1, subdued magic 1, MP-powered
wands
a: Renounce Religion, Berserk, Trog's Hand, Brothers in Arms


You were on level 2 of the Snake Pit.
You worshipped Trog.
Trog was extremely pleased with you.
You visited 4 branches of the dungeon, and saw 21 of its levels.

You collected 2401 gold pieces.
You spent 776 gold pieces at shops.

Inventory:

Hand Weapons
 n - a +2 vorpal shortbow
 M - a +0 arbalest
 S - a +4 battleaxe of flaming (weapon)
Missiles
 e - 12 poisoned darts (quivered)
 O - 5 curare-tipped darts
 X - a throwing net
Armour
 g - a +0 pair of boots (worn)
 x - a +1 cloak
 y - a +2 plate armour of poison resistance (worn)
 G - a +1 cloak of willpower (worn)
 H - a +1 scale mail of fire resistance
 N - a +2 chain mail of cold resistance
Jewellery
 r - an amulet of regeneration (around neck)
 v - an amulet of magic regeneration
 D - a +4 ring of evasion
 I - a ring of willpower (right hand)
 J - a +4 ring of evasion (left hand)
Wands
 b - a wand of digging (4)
 m - a wand of flame (25)
 o - a wand of polymorph (13)
 w - a wand of acid (12)
 A - a wand of charming (19)
 V - a wand of mindburst (19)
Scrolls
 c - 9 scrolls of teleportation
 d - 2 scrolls of immolation
 j - 4 scrolls of poison
 u - 2 scrolls of summoning
 C - 2 scrolls of magic mapping
 E - 3 scrolls of enchant weapon
 F - 6 scrolls of fear
 K - a scroll of fog
 L - 2 scrolls of enchant armour
 R - 2 scrolls of blinking
 U - 2 scrolls of silence
Potions
 a - a potion of attraction
 f - 4 potions of curing
 h - 3 potions of magic
 i - a potion of berserk rage
 k - a potion of invisibility
 l - 4 potions of mutation
 p - a potion of lignification
 q - a potion of resistance
 s - 4 potions of might
 z - 3 potions of flight
 B - 3 potions of haste
 P - a potion of cancellation
 Q - 2 potions of ambrosia
 T - a potion of degeneration
 Z - 2 potions of heal wounds
Miscellaneous
 t - a phantom mirror
 Y - a phial of floods


   Skills:
 + Level 24.3 Fighting
 - Level 15.9 Axes
 - Level 16.0 Armour
 + Level 4.2 Dodging
 - Level 1.4 Evocations


You had 14 spell levels left.
You didn't know any spells.
Your spell library was empty.

Dungeon Overview and Level Annotations

Branches:
Dungeon (12/15)            Temple (0/1) D:7            Lair (5/5) D:11
 Shoals (0/4) Lair:2        Snake (2/4) Lair:3        Slime (0/5) Lair:5
    Orc (2/2) D:12            Elf (0/3) Orc:2

Altars:
Cheibriados
Hepliaklqana
Makhleb
Nemelex Xobeh
Ru
Vehumet
Yredelemnul

Shops:
D:9 (   D:10 :   D:12 *   Orc:2 !([?

Annotations:
D:3 3 runed translucent doors, cheesebisquit's ghost, amateur GrEE
Snake:2 Vashnia


Innate Abilities, Weirdness & Mutations

You have a pair of horns on your head.
You reflexively headbutt those who attack you in melee.
You possess an exceptional clarity of mind.
You are dopey. (Int -2)
Your spells are a little easier to cast, but a little less powerful.
You expend magic power (3 MP) to strengthen your wands.


Message History

You are exhausted.
You feel yourself slow down. Vashnia casts a spell at you.
The naga sharpshooter blinks!
You miss Vashnia.
The naga sharpshooter shoots a bolt.
The bolt closely misses you.
Vashnia shoots a bolt.
The bolt hits you!!
The naga sharpshooter gestures wildly while chanting.
The naga sharpshooter magically shoots a bolt.
The bolt hits you!!
You slice Vashnia like a ripe choko!!! You burn Vashnia.
Vashnia is moderately wounded.
Vashnia says to her squad, "Do not let the Minotaur escape!"
Vashnia shoots a bolt.
The bolt hits you!
The naga sharpshooter gestures wildly while chanting.
The naga sharpshooter magically shoots a bolt.
The bolt hits you but does no damage.
The naga sharpshooter shoots an arrow.
The arrow misses you.
The arrow hits the naga sharpshooter!
Vashnia shoots a bolt.
The bolt hits you!!
* * * LOW HITPOINT WARNING * * *
As you read the scroll of teleportation, it crumbles to dust.
You feel strangely unstable.
The naga sharpshooter spits poison at you.
The splash of poison misses you.
The naga sharpshooter spits poison at you.
The splash of poison hits you but does no damage.
You resist. Vashnia spits poison at you. The splash of poison hits you.
You are poisoned.
You resist.
* * * LOW HITPOINT WARNING * * *
The naga sharpshooter shoots an arrow.
The arrow hits you!
* * * LOW HITPOINT WARNING * * *
You are confused.
You feel invigorated.
You feel very sick.
The naga sharpshooter casts a spell.
The naga sharpshooter magically shoots a bolt.
The bolt misses you.
Vashnia shoots a bolt.
The bolt hits you!!
You die...

#####.# #........#
#~~~#.##
#.......######
##♣~~....####
#.#######
#P~P~.....).###+####
#~≈≈~~...##.##.....##
#♣~~PP...##.##.N....##
#♣♣~..!.##.##.......#
♣♣~#.###.##..#
###...N@NNN.#
#...N..'..#
#####.##..# #.###.#
#.# ..∩ #.# ##♣. #.# .
#.# #.#


You could see Vashnia (catching breath), 3 naga sharpshooters and a naga.

Vanquished Creatures
  Rupert (Lair:4)
  A nagaraja (Snake:2)
  3 hydras
  A salamander tyrant (Snake:2)
  3 boulder beetles
  A catoblepas (Lair:4)
  Erolcha (D:12)
  2 ogre magi (Orc:2)
  5 anacondas
  12 two-headed ogres
  5 naga warriors
  3 naga sharpshooters (Snake:2)
  12 death yaks
  5 shock serpents
  3 sea snakes (Snake:1)
  A salamander mystic (Snake:2)
  2 deep trolls (Orc:2)
  Pikel (D:5)
  2 orc knights (Orc:2)
  An ugly thing (D:11)
  6 mana vipers
  2 deep elf pyromancers (D:12)
  2 wolf spiders (Lair:4)
  3 cyclopes
  A manticore (D:12)
  9 salamanders
  11 black mambas
  4 naga magi (Snake:1)
  7 elephants (Lair:5)
  12 cane toads
  2 gargoyles
  An unseen horror (D:12)
  2 rime drakes
  Psyche (D:10)
  An efreet (D:9)
  5 komodo dragons
  A kobold demonologist (D:11)
  3 polar bears
  9 trolls
  11 hornets
  12 dream sheep
  6 blink frogs
  15 spriggans (Lair:5)
  49 yaks
  3 wyverns
  2 vampire mosquitoes (D:12)
  5 steam dragons
  14 nagas
  3 wargs (Orc:2)
  2 acid dragons
  7 water moccasins
  An ice beast (D:6)
  16 orc warriors
  4 sky beasts
  7 black bears
  21 ogres
  4 boggarts (Lair:5)
  29 wolves
  5 centaurs
  2 lemures (D:5)
  4 bullfrogs
  A kobold brigand (D:10)
  2 gnoll sergeants
  3 scorpions
  4 wights (D:7)
  15 killer bees
  2 electric eels (Snake:1)
  2 howler monkeys (D:7)
  4 hounds
  13 jellies
  15 orc priests
  6 iguanas
  12 orc wizards
  Ijyb (D:4)
  6 gnolls
  6 adders
  2 ufetubi
  3 worms
  3 dart slugs
  55 orcs
  7 bats
  6 endoplasms
  5 giant cockroaches
  8 goblins
  8 hobgoblins
  2 jackals (D:4)
  4 quokkas
  4 ball pythons
  5 frilled lizards
  6 kobolds
  3 rats
582 creatures vanquished.

Vanquished Creatures (collateral kills)
  Frances (Snake:2)
  A black mamba (Snake:2)
2 creatures vanquished.

Vanquished Creatures (others)
  25 fungi
  26 plants
51 creatures vanquished.

Grand Total: 635 creatures vanquished

Notes
Turn   | Place    | Note
-------+----------+-------------------------------------------
     0 | D:1      | rakiston the Minotaur Berserker began the quest for the
                  | Orb.
     0 | D:1      | Reached XP level 1. HP: 19/19 MP: 0/0
   243 | D:1      | Reached XP level 2. HP: 27/27 MP: 1/1
  1045 | D:2      | Reached skill level 4 in Fighting
  1045 | D:2      | Reached XP level 3. HP: 33/33 MP: 2/2
  1054 | D:2      | Reached ** piety under Trog
  1800 | D:2      | Found a faded altar of an unknown god.
  1919 | D:3      | Found a runed translucent gate.
  1919 | D:3      | Found a runed translucent gate.
  1919 | D:3      | Found a runed translucent gate.
  1922 | D:3      | Reached skill level 5 in Axes
  1924 | D:3      | Reached XP level 4. HP: 34/41 MP: 3/3
  1935 | D:3      | Noticed cheesebisquit's ghost (amateur GrEE)
  3162 | D:4      | Noticed Ijyb
  3166 | D:4      | Killed Ijyb
  3167 | D:4      | Reached XP level 5. HP: 47/47 MP: 4/4
  3262 | D:4      | Reached skill level 5 in Fighting
  3443 | D:4      | Identified the +5 short sword "Ompeydgh" {vorpal, Str+3
                  | Stlth+}
  3455 | D:4      | Reached XP level 6. HP: 45/56 MP: 5/5
  3839 | D:4      | Found a burning altar of Makhleb.
  3954 | D:5      | Entered Level 5 of the Dungeon
  4258 | D:5      | Noticed a water moccasin
  4265 | D:5      | Killed a water moccasin
  4266 | D:5      | Reached XP level 7. HP: 62/62 MP: 6/6
  4330 | D:5      | Gained mutation: You possess an exceptional clarity of
                  | mind. [potion of mutation]
  4330 | D:5      | Gained mutation: You are dopey. (Int -2) [potion of
                  | mutation]
  4330 | D:5      | Gained mutation: Your spells are a little easier to cast,
                  | but a little less powerful. [potion of mutation]
  4330 | D:5      | Gained mutation: You expend magic power (3 MP) to
                  | strengthen your wands. [potion of mutation]
  4425 | D:5      | Noticed Pikel
  4438 | D:5      | Killed Pikel
  4439 | D:5      | Reached skill level 6 in Fighting
  4439 | D:5      | Reached skill level 10 in Axes
  4439 | D:5      | Reached XP level 8. HP: 29/71 MP: 7/7
  4905 | D:6      | Reached skill level 7 in Fighting
  5084 | D:6      | Found a snail-covered altar of Cheibriados.
  5256 | D:6      | Found a sparkling altar of Nemelex Xobeh.
  5453 | D:6      | Reached *** piety under Trog
  5862 | D:7      | Reached skill level 8 in Fighting
  5995 | D:7      | Found a basalt altar of Yredelemnul.
  5995 | D:7      | Found a hazy altar of Hepliaklqana.
  6356 | D:7      | Reached XP level 9. HP: 50/82 MP: 8/8
  6670 | D:7      | Found a staircase to the Ecumenical Temple.
  6818 | D:8      | Paralysed by a hornet for 1 turns
  6918 | D:8      | Noticed a two-headed ogre
  6929 | D:8      | Killed a two-headed ogre
  6930 | D:8      | Reached skill level 9 in Fighting
  7128 | D:8      | Noticed a gargoyle
  7136 | D:8      | Killed a gargoyle
  7486 | D:8      | Reached skill level 10 in Fighting
  7658 | D:8      | Reached XP level 10. HP: 89/93 MP: 9/9
  7699 | D:8      | Reached skill level 15 in Axes
  8034 | D:9      | Noticed a gargoyle
  8045 | D:9      | Killed a gargoyle
  8195 | D:9      | Noticed a two-headed ogre
  8202 | D:9      | Killed a two-headed ogre
  8274 | D:9      | Reached skill level 11 in Fighting
  8769 | D:9      | Found Fooliuttuo's Weapon Boutique.
  9059 | D:9      | Reached skill level 12 in Fighting
  9402 | D:10     | Entered Level 10 of the Dungeon
  9450 | D:10     | Reached XP level 11. HP: 80/104 MP: 10/10
  9736 | D:10     | Reached skill level 5 in Armour
  9738 | D:10     | Reached **** piety under Trog
  9947 | D:10     | Noticed a two-headed ogre
  9954 | D:10     | Killed a two-headed ogre
  9955 | D:10     | Reached skill level 13 in Fighting
 10091 | D:10     | Noticed Psyche
 10104 | D:10     | Killed Psyche
 10348 | D:10     | Found a radiant altar of Vehumet.
 10697 | D:10     | Found Asoimnua's Book Shoppe.
 11017 | D:11     | Noticed a boulder beetle
 11029 | D:11     | Killed a boulder beetle
 11030 | D:11     | Reached skill level 14 in Fighting
 11141 | D:11     | Found a sacrificial altar of Ru.
 11150 | D:11     | Noticed a purple ugly thing
 11161 | D:11     | Killed a purple ugly thing
 11312 | D:11     | Found a staircase to the Lair.
 11856 | D:12     | Noticed Erolcha
 11856 | D:12     | Noticed a deep elf pyromancer
 11861 | D:12     | Killed a deep elf pyromancer
 11874 | D:12     | Killed Erolcha
 11877 | D:12     | Reached skill level 15 in Fighting
 11909 | D:12     | Found Tobleh's Neck Hole.
 12002 | D:12     | Noticed a boulder beetle
 12012 | D:12     | Killed a boulder beetle
 12013 | D:12     | Reached XP level 12. HP: 119/119 MP: 11/11
 12250 | D:12     | Identified the +1 robe "Opaekh" {Int+5 SInv}
 12318 | D:12     | Bought an amulet of regeneration for 360 gold pieces
 12447 | D:12     | Found a staircase to the Orcish Mines.
 12511 | Lair:1   | Entered Level 1 of the Lair of Beasts
 12524 | Lair:1   | Reached skill level 10 in Armour
 13079 | Lair:1   | Reached skill level 16 in Fighting
 13415 | Lair:2   | Found a staircase to the Shoals.
 13463 | Lair:2   | Noticed a six-headed hydra
 13471 | Lair:2   | Killed a seven-headed hydra
 13524 | Lair:2   | Reached ***** piety under Trog
 13700 | Lair:2   | Noticed a boulder beetle
 13714 | Lair:2   | Killed a boulder beetle
 14395 | Lair:3   | Reached XP level 13. HP: 81/130 MP: 12/12
 14510 | Lair:3   | Reached skill level 17 in Fighting
 14512 | Lair:3   | Found a staircase to the Snake Pit.
 15383 | Lair:4   | Reached skill level 1 in Evocations
 15428 | Lair:4   | Received a gift from Trog
 15558 | Lair:4   | Noticed Rupert
 15565 | Lair:4   | Killed Rupert
 15748 | Lair:4   | Reached skill level 18 in Fighting
 16087 | Lair:5   | Entered Level 5 of the Lair of Beasts
 16101 | Lair:5   | Reached skill level 15 in Armour
 16376 | Lair:5   | Lost intelligence.
 16537 | Lair:5   | Reached XP level 14. HP: 60/144 MP: 13/13
 16544 | Lair:5   | Reached skill level 19 in Fighting
 16704 | Lair:5   | Identified the +4 rapier of Eternal Harmony {speed, Str+7
                  | Dex+6}
 16897 | Lair:5   | Reached skill level 20 in Fighting
 17023 | Lair:5   | Found a staircase to the Slime Pits.
 17048 | Lair:5   | Received a gift from Trog
 17590 | Orc:1    | Entered Level 1 of the Orcish Mines
 17825 | Orc:2    | Entered Level 2 of the Orcish Mines
 17870 | Orc:2    | Found Abujin's Distillery.
 17948 | Orc:2    | Reached skill level 21 in Fighting
 18093 | Orc:2    | Received a gift from Trog
 18122 | Orc:2    | Found Obywub's Antique Weapon Boutique.
 18123 | Orc:2    | Found Penk's Armour Boutique.
 18133 | Orc:2    | Found Nosom's Magic Scroll Shop.
 18135 | Orc:2    | Bought a potion of heal wounds for 85 gold pieces
 18135 | Orc:2    | Bought a potion of heal wounds for 85 gold pieces
 18179 | Orc:2    | Bought a scroll of identify for 24 gold pieces
 18179 | Orc:2    | Bought a scroll of teleportation for 36 gold pieces
 18179 | Orc:2    | Bought a scroll of teleportation for 36 gold pieces
 18179 | Orc:2    | Bought a scroll of teleportation for 36 gold pieces
 18179 | Orc:2    | Bought a scroll of summoning for 114 gold pieces
 18184 | Orc:2    | Found a staircase to the Elven Halls.
 18916 | Orc:1    | Reached skill level 22 in Fighting
 19388 | Snake:1  | Entered Level 1 of the Snake Pit
 19710 | Snake:1  | Reached XP level 15. HP: 161/161 MP: 0/14
 20369 | Snake:1  | Reached skill level 23 in Fighting
 20471 | Snake:1  | Received a gift from Trog
 21831 | Snake:2  | Noticed a nagaraja
 21833 | Snake:2  | Reached skill level 24 in Fighting
 21842 | Snake:2  | Killed a nagaraja
 21899 | Snake:2  | Noticed Frances
 21905 | Snake:2  | Killed Frances
 22021 | Snake:2  | Noticed Vashnia
 22035 | Snake:2  | Shot with a bolt by Vashnia

Illustrated notes

Levels and vault maps discovered:
D:1:      minmay_arrival_arboretum_small, layout_loops_corners
D:2:      layout_loops_cross, hellmonk_ecumenical_altar_leap_of_faith,
          corexii_corridor_pit, eino_tiny_chamber, kennysheep_nub,
          kennysheep_generic_room_12
D:3:      layout_rooms, ebering_ghost_rock_garden, uniq_crazy_yiuf_cottage
D:4:      layout_loops_ring, mainiacjoe_overflow_concentric_impassable,
          uniq_ijyb
D:5:      layout_gridville, st_stairs_8, uniq_pikel
D:6:      layout_basic, mainiacjoe_overflow_tiny_flanked,
          nemelex_xobeh_ov_fountains_minmay
D:7:      layout_loops_ring, grunt_temple_overflow_open,
          minmay_temple_entry_offerings
D:8:      layout_loops_ring
D:9:      layout_irregular_city, serial_shops, nicolae_shop_behind_doors
D:10:     layout_loops_ring, kennysheep_mini, serial_shops, shop,
          hangedman_misty_isle, uniq_psyche
D:11:     cheibrodos_steamvent, layout_rooms, lair_entry_dummy,
          nicolae_ru_sacrificial_ziggurat
D:12:     layout_rooms, orc_0_dummy, nicolae_shop_sticking_my_neck_out,
          uniq_erolcha
Lair:1:   layout_gridlike, dreamdust_wasp_nest
Lair:2:   layout_cave_shapes, elwin_shoals_entry_rocks
Lair:3:   layout_layer_cave, guppyfry_snake_entry_island
Lair:4:   layout_long_grid, nicolae_lair_run_with_the_wolves, uniq_rupert
Lair:5:   minmay_lair_end_enchanted_forest, layout_small_grid,
          minmay_slime_entry_jelly_boxes, chequers_serial_rivers_small_b,
          nicolae_lair_grove_arrangements, chequers_serial_rivers_micro_c,
          lemuel_fruit_fields
Snake:1:  layout_layer_cave, st_stairs_2, serial_bayou_shore_b,
          serial_bayou_shore_a, grunt_megastairs_5, serial_bayou_shore_b
Snake:2:  layout_gridlike, serial_bayou_crossing, minmay_shop_grove,
          serial_bayou_shore_b, uniq_vashnia, uniq_azrael, uniq_frances
Orc:1:    layout_caves, basic_altar
Orc:2:    st_orc_open, layout_caves, mines_bat_river

Skill      XL: |  1  2  3  4  5  6  7  8  9 10 11 12 13 14 15 |
---------------+----------------------------------------------+-----
Axes           | 4 5 6 8 10 12 14 15 | 15.9
Fighting       | 4 5 6 8 10 12 15 16 18 22 24 | 24.3
Armour         | 4 9 13 15 16 | 16.0
Evocations     | 1 |  1.4
Dodging        | 3 4 |  4.2

Action                   |  1- 3 |  4- 6 |  7- 9 | 10-12 | 13-15 || total
-------------------------+-------+-------+-------+-------+-------++-------
Melee: Hand axe          |    86 |    13 |       |       |       ||    99
       Headbutt          |     9 |    18 |    26 |    91 |   163 ||   307
       War axe           |       |    88 |   111 |       |       ||   199
       Punch             |       |     1 |     1 |       |       ||     2
       Battleaxe         |       |       |    40 |   421 |   699 ||  1160
       Whip              |       |       |       |     4 |       ||     4
Throw: Dart              |       |       |       |     2 |     4 ||     6
Invok: Berserk           |       |     2 |     4 |    10 |     9 ||    25
       Trog's Hand       |       |     1 |     1 |     2 |     6 ||    10
       Brothers in Arms  |       |       |       |       |     2 ||     2
Evoke: Wand              |       |       |       |       |     6 ||     6
  Use: Potion            |     3 |     1 |     3 |    10 |    11 ||    28
       Scroll            |     1 |       |     7 |     9 |     6 ||    23
 Stab: Petrified         |       |       |       |       |     2 ||     2
       Distracted        |       |       |       |       |     1 ||     1
Armor: Animal skin       |    15 |     2 |       |       |       ||    17
       Chain mail        |       |    12 |    12 |    66 |       ||    90
       Ring mail         |       |     6 |       |       |       ||     6
       Leather armour    |       |    17 |    20 |       |       ||    37
       Scale mail        |       |       |    20 |       |       ||    20
       Plate armour      |       |       |       |   104 |   321 ||   425
Dodge: Dodged            |    46 |    53 |    68 |   238 |   404 ||   809
